Winnipeg Jets vs Toronto Maple Leafs
(R1)
Created - Sunday, December 22, 2024 at 10:23
Goals
|
| Winnipeg Jets |
0 |
0 |
1 |
1 |
| Toronto Maple Leafs |
1 |
0 |
1 |
2 |
|
Shots
|
| Winnipeg Jets |
6 |
9 |
11 |
26 |
| Toronto Maple Leafs |
7 |
7 |
18 |
32 |
|
1st period
1. Toronto Maple Leafs , Nicolas Roy 2 (Sean Walker 3, Dougie Hamilton 3) at 1:59
Penalties :
Adam Lowry (WPG) for Hooking (Minor) at 8:09, Brayden Pachal (WPG) for High sticking (Minor) at 11:40, Dougie Hamilton (TOR) for Holding (Minor) at 18:52
2nd period
No Goal
Penalties :
Dougie Hamilton (TOR) for Interference (Minor) at 2:50, Nick Bjugstad (TOR) for Tripping (Minor) at 8:27, Aaron Ekblad (TOR) for Interference (Minor) at 8:50, Brady Tkachuk (TOR) for Slashing (Minor) at 15:34
3rd period
2. Toronto Maple Leafs , Wyatt Johnston 2 (Quinton Byfield 3) at 14:55
3. Winnipeg Jets , Mason Appleton 4 (Barclay Goodrow 3, Connor Bedard 6) at 16:40
Penalties :
Oliver Ekman-Larsson (WPG) for Holding (Minor) at 3:13, Nicolas Roy (TOR) for Tripping (Minor) at 7:39
Goalie Stats
Ukko-Pekka Luukkonen (WPG), 30 saves from 32 shots - (0.938), L, 4-4-0, 58:58 minutes
Cam Talbot (TOR), 25 saves from 26 shots - (0.962), W, 5-3-0, 60:00 minutes
Players Stats for Winnipeg Jets
Player Name G A P +/- PIM S H SB GA TA FO MP PP MP PK MP
------------------------------------------------------------------------------------
Adam Lowry 0 0 0 -1 2 2 1 1 0 0 6/15 18:45 5:04 1:48
Alexis Lafreniere 0 0 0 -1 0 4 3 1 0 0 0/1 17:02 5:12 0:17
Andre Burakovsky 0 0 0 -1 0 3 1 0 0 0 0/0 15:45 4:56 0:00
Barclay Goodrow 0 1 1 1 0 1 3 1 0 0 2/2 18:40 5:12 2:55
Brayden Pachal 0 0 0 0 2 0 1 0 0 1 0/0 13:10 0:00 0:29
Cam Atkinson 0 0 0 0 0 2 1 0 1 0 0/0 9:30 0:00 0:00
Connor Bedard 0 1 1 1 0 3 4 0 1 1 9/21 21:00 5:06 2:45
Connor McDavid 0 0 0 -1 0 1 4 0 0 0 7/13 19:42 5:12 2:55
Dylan Samberg 0 0 0 0 0 0 2 1 1 1 0/0 22:17 4:51 3:56
Joel Armia 0 0 0 -1 0 0 3 0 0 0 1/1 10:20 0:00 0:00
Mason Appleton 1 0 1 1 0 2 0 0 0 0 0/0 10:30 0:00 0:00
Michael Amadio 0 0 0 0 0 0 2 0 0 0 0/0 9:30 0:00 0:00
Michael Kesselring 0 0 0 0 0 0 2 2 0 0 0/0 15:38 0:00 2:26
Olen Zellweger 0 0 0 0 0 1 1 0 0 0 0/0 22:11 5:27 3:02
Oliver Ekman-Larsson 0 0 0 -1 2 1 0 1 0 3 0/0 25:48 5:27 1:32
Olli Maatta 0 0 0 -1 0 0 0 2 0 0 0/0 22:11 4:51 0:29
Ridly Greig 0 0 0 0 0 5 2 1 0 0 5/7 10:58 0:10 0:56
Sam Steel 0 0 0 -1 0 1 2 0 2 3 0/0 11:03 0:02 0:18
Players Stats for Toronto Maple Leafs
Player Name G A P +/- PIM S H SB GA TA FO MP PP MP PK MP
------------------------------------------------------------------------------------
Aaron Ekblad 0 0 0 1 2 1 2 1 0 0 0/0 23:15 3:03 4:19
Andrew Mangiapane 0 0 0 0 0 1 1 0 1 0 1/2 18:31 0:08 5:14
Brady Tkachuk 0 0 0 -1 2 4 1 0 1 1 0/1 16:32 3:10 0:47
Brandon Saad 0 0 0 0 0 1 2 2 0 0 0/0 9:15 2:47 0:15
Cody Ceci 0 0 0 0 0 0 1 1 0 0 0/0 17:43 0:00 4:47
Dougie Hamilton 0 1 1 0 4 2 0 0 0 0 0/0 18:01 3:03 0:24
Mario Ferraro 0 0 0 0 0 2 0 1 0 1 0/0 17:27 0:00 5:31
Nick Bjugstad 0 0 0 0 2 4 1 1 0 1 8/15 17:59 0:00 3:54
Nicolas Roy 1 0 1 2 2 3 1 0 0 0 1/1 14:24 0:00 3:04
Nino Niederreiter 0 0 0 0 0 2 1 0 0 0 0/1 12:27 0:00 0:00
Quinton Byfield 0 1 1 2 0 2 3 0 1 0 0/0 13:58 2:47 0:00
Ryan Pulock 0 0 0 1 0 2 0 3 0 0 0/0 25:19 2:54 4:47
Sam Bennett 0 0 0 0 0 0 0 0 0 0 0/0 5:51 0:00 0:00
Scott Laughton 0 0 0 0 0 0 2 0 1 1 4/9 12:19 0:00 4:36
Sean Walker 0 1 1 0 0 0 1 0 0 0 0/0 18:39 2:54 0:47
Tomas Hertl 0 0 0 -1 0 3 0 0 1 0 8/13 16:18 3:10 0:00
Troy Terry 0 0 0 -1 0 1 0 0 1 1 0/1 14:53 3:02 0:00
Wyatt Johnston 1 0 1 2 0 4 0 0 3 0 8/17 15:09 2:47 1:10
3 Stars
1 - Cam Talbot (TOR)
2 - Wyatt Johnston (TOR)
3 - Quinton Byfield (TOR)
Power Play
Winnipeg Jets - 0 on 6 Attempt(s) - 0.00%
Toronto Maple Leafs - 0 on 3 Attempt(s) - 0.00%
Penalty Kill
Winnipeg Jets - 3 on 3 Attempt(s) - 100.00%
- Score 0 goal in Penalty Kill
Toronto Maple Leafs - 6 on 6 Attempt(s) - 100.00%
- Score 0 goal in Penalty Kill
Team Stat
Winnipeg Jets - Hits : 32 - Faceoff Wins : 30 - Blocked Shots : 10 - Penalty Minutes : 6
Toronto Maple Leafs - Hits : 16 - Faceoff Wins : 30 - Blocked Shots : 9 - Penalty Minutes : 12
Official
Referees : Cody Beach and Beaudry Halkidis
Linesman : Ryan Jackson and Travis Gawryletz
Game Notes
No Game Note
Finance
Level 1 -- Attendance: 6000 (100.00%) -- Ticket Income $564,000
Level 2 -- Attendance: 5000 (100.00%) -- Ticket Income $270,000
Level 3 -- Attendance: 3000 (100.00%) -- Ticket Income $99,000
Level 4 -- Attendance: 5000 (100.00%) -- Ticket Income $105,000
Luxury Box -- Attendance: 1000 (100.00%) -- Ticket Income $193,000
Game was played at the Air Canada Centre.
Total Attendance: 20000 (100.00%)
Total Ticket Income: $1,231,000
Other Income: $430,850
Total Income: $1,661,850
Winnipeg Jets
5 vs 5 Forward
Center Left Wing Right Wing Time % Phy DF OF
1 Connor McDavid Alexis Lafreniere Joel Armia 30 1 2 2
2 Connor Bedard Mason Appleton Barclay Goodrow 30 1 2 2
3 Adam Lowry Andre Burakovsky Sam Steel 25 1 2 2
4 Ridly Greig Michael Amadio Cam Atkinson 15 1 2 2
5 vs 5 Defense
Defense Defense Time % Phy DF OF
1 Oliver Ekman-Larsson Olli Maatta 30 1 2 2
2 Dylan Samberg Michael Kesselring 30 1 2 2
3 Brayden Pachal Olen Zellweger 25 1 2 2
4 Oliver Ekman-Larsson Olli Maatta 15 1 2 2
PowerPlay Forward
Center Left Wing Right Wing Time % Phy DF OF
1 Connor McDavid Alexis Lafreniere Barclay Goodrow 50 1 2 2
2 Connor Bedard Adam Lowry Andre Burakovsky 50 1 2 2
PowerPlay Defense
Defense Defense Time % Phy DF OF
1 Oliver Ekman-Larsson Olen Zellweger 50 1 2 2
2 Dylan Samberg Olli Maatta 50 1 2 2
Penalty Kill 4 Players Forward
Center Wing Time % Phy DF OF
1 Adam Lowry Connor Bedard 50 1 2 2
2 Barclay Goodrow Connor McDavid 50 1 2 2
Penalty Kill 4 Players Defense
Defense Defense Time % Phy DF OF
1 Olen Zellweger Oliver Ekman-Larsson 50 1 2 2
2 Dylan Samberg Michael Kesselring 50 1 2 2
Penalty Kill - 3 Players Forward
Forward Time % Phy DF OF
1 Adam Lowry 50 1 2 2
2 Barclay Goodrow 50 1 2 2
Penalty Kill - 3 Players Defense
Defense Defense Time % Phy DF OF
1 Olen Zellweger Dylan Samberg 50 1 2 2
2 Olli Maatta Oliver Ekman-Larsson 50 1 2 2
4 vs 4 Forward
Center Wing Time % Phy DF OF
1 Connor McDavid Alexis Lafreniere 50 1 2 2
2 Adam Lowry Barclay Goodrow 50 1 2 2
4 vs 4 Defense
Defense Defense Time % Phy DF OF
1 Oliver Ekman-Larsson Olli Maatta 50 1 2 2
2 Olen Zellweger Michael Kesselring 50 1 2 2
Last Minutes Offensive
Center Left Wing Right Wing Defense Defense
Connor McDavid Alexis Lafreniere Connor Bedard Oliver Ekman-Larsson Olen Zellweger
Last Minutes Defensive
Center Left Wing Right Wing Defense Defense
Adam Lowry Barclay Goodrow Joel Armia Michael Kesselring Olli Maatta
Goaltenders
Starting : Ukko-Pekka Luukkonen
Backup : Martin Jones
Extra Forwards
Normal : Ridly Greig, Andre Burakovsky, Connor McDavid - PP : Ridly Greig, Sam Steel - PK : Ridly Greig
Extra Defensemen
Normal : Olli Maatta, Michael Kesselring, Dylan Samberg - PP : Michael Kesselring - PK : Olen Zellweger, Dylan Samberg
Penalty Shots
Connor McDavid, Connor Bedard, Alexis Lafreniere, Andre Burakovsky, Adam Lowry
Scratches
Jason Zucker (Healthy), Oliver Kylington (Healthy), Nate Schmidt (Healthy)
Toronto Maple Leafs
5 vs 5 Forward
Center Left Wing Right Wing Time % Phy DF OF
1 Tomas Hertl Brady Tkachuk Troy Terry 30 1 2 2
2 Wyatt Johnston Quinton Byfield Nicolas Roy 30 1 2 2
3 Nick Bjugstad Nino Niederreiter Andrew Mangiapane 30 1 2 2
4 Scott Laughton Sam Bennett Brandon Saad 10 1 2 2
5 vs 5 Defense
Defense Defense Time % Phy DF OF
1 Aaron Ekblad Ryan Pulock 33 1 2 2
2 Mario Ferraro Cody Ceci 32 1 2 2
3 Sean Walker Dougie Hamilton 31 1 2 2
4 Mario Ferraro Cody Ceci 4 1 2 2
PowerPlay Forward
Center Left Wing Right Wing Time % Phy DF OF
1 Tomas Hertl Brady Tkachuk Troy Terry 50 1 2 2
2 Wyatt Johnston Quinton Byfield Brandon Saad 50 1 2 2
PowerPlay Defense
Defense Defense Time % Phy DF OF
1 Dougie Hamilton Aaron Ekblad 50 1 2 2
2 Ryan Pulock Sean Walker 50 1 2 2
Penalty Kill 4 Players Forward
Center Wing Time % Phy DF OF
1 Nick Bjugstad Andrew Mangiapane 50 1 2 2
2 Scott Laughton Nicolas Roy 50 1 2 2
Penalty Kill 4 Players Defense
Defense Defense Time % Phy DF OF
1 Aaron Ekblad Mario Ferraro 50 1 2 2
2 Cody Ceci Ryan Pulock 50 1 2 2
Penalty Kill - 3 Players Forward
Forward Time % Phy DF OF
1 Nick Bjugstad 50 1 2 2
2 Scott Laughton 50 1 2 2
Penalty Kill - 3 Players Defense
Defense Defense Time % Phy DF OF
1 Mario Ferraro Aaron Ekblad 50 1 2 2
2 Cody Ceci Ryan Pulock 50 1 2 2
4 vs 4 Forward
Center Wing Time % Phy DF OF
1 Scott Laughton Troy Terry 50 1 2 2
2 Wyatt Johnston Brady Tkachuk 50 1 2 2
4 vs 4 Defense
Defense Defense Time % Phy DF OF
1 Cody Ceci Mario Ferraro 50 1 2 2
2 Aaron Ekblad Ryan Pulock 50 1 2 2
Last Minutes Offensive
Center Left Wing Right Wing Defense Defense
Tomas Hertl Brady Tkachuk Nick Bjugstad Aaron Ekblad Dougie Hamilton
Last Minutes Defensive
Center Left Wing Right Wing Defense Defense
Tomas Hertl Scott Laughton Nick Bjugstad Aaron Ekblad Ryan Pulock
Goaltenders
Starting : Cam Talbot
Backup : Frederik Andersen
Extra Forwards
Normal : Scott Laughton, Brandon Saad, Andrew Mangiapane - PP : Andrew Mangiapane, Sam Bennett - PK : Andrew Mangiapane
Extra Defensemen
Normal : Sean Walker, Dougie Hamilton, Mario Ferraro - PP : Cody Ceci - PK : Sean Walker, Dougie Hamilton
Penalty Shots
Dougie Hamilton, Nick Bjugstad, Quinton Byfield, Troy Terry, Nicolas Roy
Scratches
Bowen Byram (Healthy), Kyle Okposo (Healthy), Warren Foegele (Healthy), Luke Schenn (Healthy), Pierre Engvall (Healthy)
% Time on Ice - Winnipeg Jets
Lines # - Real PCT - Wanted PCT - Time Play
Normal Forward
1 - 27% - 30% - 11:41
2 - 26% - 30% - 11:00
3 - 24% - 25% - 10:22
4 - 22% - 15% - 9:30
Normal Defense
1 - 32% - 30% - 13:45
2 - 32% - 30% - 13:44
3 - 25% - 25% - 10:47
4 - 10% - 15% - 4:17
PP Forward
1 - 50% - 50% - 5:12
2 - 50% - 50% - 5:06
PP Defense
1 - 53% - 50% - 5:27
2 - 47% - 50% - 4:51
PK Forward
1 - 51% - 50% - 3:02
2 - 49% - 50% - 2:55
PK Defense
1 - 59% - 50% - 3:31
2 - 41% - 50% - 2:26
PK3 Forward
1 - 0% - 50%
2 - 0% - 50%
PK3 Defense
1 - 0% - 50%
2 - 0% - 50%
44 Forward
1 - 0% - 50%
2 - 0% - 50%
44 Defense
1 - 0% - 50%
2 - 0% - 50%
Last Minute Offensive - 1:12
Last Minute Defensive - 0:00
Total
Forward - 60:00
Defense - 60:00
|
% Time on Ice - Toronto Maple Leafs
Lines # - Real PCT - Wanted PCT - Time Play
Normal Forward
1 - 29% - 30% - 12:23
2 - 28% - 30% - 11:52
3 - 29% - 30% - 12:27
4 - 14% - 10% - 5:51
Normal Defense
1 - 34% - 33% - 14:39
2 - 33% - 32% - 14:05
3 - 31% - 31% - 13:20
4 - 1% - 4% - 0:29
PP Forward
1 - 53% - 50% - 3:10
2 - 47% - 50% - 2:47
PP Defense
1 - 51% - 50% - 3:03
2 - 49% - 50% - 2:54
PK Forward
1 - 48% - 50% - 4:09
2 - 52% - 50% - 4:33
PK Defense
1 - 53% - 50% - 4:38
2 - 47% - 50% - 4:04
PK3 Forward
1 - 71% - 50% - 1:08
2 - 29% - 50% - 0:28
PK3 Defense
1 - 55% - 50% - 0:53
2 - 45% - 50% - 0:43
44 Forward
1 - 0% - 50%
2 - 0% - 50%
44 Defense
1 - 0% - 50%
2 - 0% - 50%
Last Minute Offensive - 0:00
Last Minute Defensive - 1:12
Total
Forward - 60:00
Defense - 60:00
|
Play-by-Play
1st period
0:01 of 1st period - Connor McDavid wins face-off versus Troy Terry in neutral zone.
0:46 of 1st period - Snap shot by Brandon Saad.
0:46 of 1st period - Shot Misses the Net.
0:58 of 1st period - Wrist shot by Connor Bedard.
0:58 of 1st period - Shot Misses the Net.
1:04 of 1st period - Snap shot by Connor Bedard.
1:04 of 1st period - Stopped by Cam Talbot without a rebound.
1:05 of 1st period - Nick Bjugstad wins face-off versus Adam Lowry in Toronto Maple Leafs zone.
1:53 of 1st period - Slapshot by Wyatt Johnston.
1:53 of 1st period - Shot Misses the Net.
1:55 of 1st period - Wrist shot by Dougie Hamilton.
1:55 of 1st period - Shot Misses the Net.
1:57 of 1st period - Slapshot by Dougie Hamilton.
1:57 of 1st period - Shot Misses the Net.
1:59 of 1st period - Snap shot by Sean Walker.
1:59 of 1st period - Deflect By Nicolas Roy.
1:59 of 1st period - Goal by Nicolas Roy - Winnipeg Jets : 0 - Toronto Maple Leafs : 1.
2:00 of 1st period - Adam Lowry wins face-off versus Nick Bjugstad in neutral zone.
2:11 of 1st period - Wrist shot by Andrew Mangiapane.
2:11 of 1st period - Shot Blocked by Adam Lowry.
2:13 of 1st period - Snap shot by Nick Bjugstad.
2:13 of 1st period - Stopped by Ukko-Pekka Luukkonen with a rebound.
2:15 of 1st period - Snap shot by Mario Ferraro.
2:15 of 1st period - Stopped by Ukko-Pekka Luukkonen without a rebound.
2:16 of 1st period - Wyatt Johnston wins face-off versus Ridly Greig in Winnipeg Jets zone.
2:21 of 1st period - Snap shot by Wyatt Johnston.
2:21 of 1st period - Shot Blocked by Michael Kesselring.
2:23 of 1st period - Slapshot by Mario Ferraro.
2:23 of 1st period - Shot Misses the Net.
2:43 of 1st period - Joel Armia is hit by Nino Niederreiter and loses puck.
3:12 of 1st period - Aaron Ekblad is hit by Barclay Goodrow and loses puck.
3:29 of 1st period - Scott Laughton is hit by Sam Steel and loses puck.
4:16 of 1st period - Snap shot by Alexis Lafreniere.
4:16 of 1st period - Stopped by Cam Talbot without a rebound.
4:17 of 1st period - Tomas Hertl wins face-off versus Connor McDavid in Toronto Maple Leafs zone.
4:17 of 1st period - Tomas Hertl is hit by Alexis Lafreniere.
5:05 of 1st period - Wrist shot by Sam Steel.
5:05 of 1st period - Shot Blocked by Ryan Pulock.
5:07 of 1st period - Slapshot by Adam Lowry.
5:07 of 1st period - Shot Misses the Net.
5:23 of 1st period - Snap shot by Ridly Greig.
5:23 of 1st period - Stopped by Cam Talbot without a rebound.
5:24 of 1st period - Ridly Greig wins face-off versus Scott Laughton in Toronto Maple Leafs zone.
5:50 of 1st period - Barclay Goodrow is hit by Cody Ceci and loses puck.
6:33 of 1st period - Andrew Mangiapane is hit by Brayden Pachal and loses puck.
7:04 of 1st period - Slapshot by Brady Tkachuk.
7:04 of 1st period - Stopped by Ukko-Pekka Luukkonen without a rebound.
7:05 of 1st period - Wyatt Johnston wins face-off versus Connor Bedard in Winnipeg Jets zone.
7:41 of 1st period - Wrist shot by Brady Tkachuk.
7:41 of 1st period - Shot Misses the Net.
8:09 of 1st period - Minor Penalty to Adam Lowry for Hooking.
8:10 of 1st period - Tomas Hertl wins face-off versus Ridly Greig in Winnipeg Jets zone.
8:27 of 1st period - Snap shot by Brady Tkachuk.
8:27 of 1st period - Shot Misses the Net.
9:04 of 1st period - Oliver Ekman-Larsson is hit by Brandon Saad and loses puck.
10:09 of 1st period - Penalty to Adam Lowry is over, Adam Lowry is back on ice.
10:28 of 1st period - Mario Ferraro is hit by Sam Steel and loses puck.
10:39 of 1st period - Slapshot by Nick Bjugstad.
10:39 of 1st period - Shot Misses the Net.
10:45 of 1st period - Mario Ferraro is hit by Alexis Lafreniere and loses puck.
11:40 of 1st period - Minor Penalty to Brayden Pachal for High sticking.
11:41 of 1st period - Barclay Goodrow wins face-off versus Tomas Hertl in Winnipeg Jets zone.
13:15 of 1st period - Michael Kesselring is hit by Aaron Ekblad and loses puck.
13:40 of 1st period - Penalty to Brayden Pachal is over, Brayden Pachal is back on ice.
13:51 of 1st period - Connor Bedard is hit by Andrew Mangiapane.
14:28 of 1st period - Wyatt Johnston is hit by Adam Lowry.
14:40 of 1st period - Snap shot by Adam Lowry.
14:40 of 1st period - Shot Blocked by Nick Bjugstad.
14:42 of 1st period - Snap shot by Connor Bedard.
14:42 of 1st period - Stopped by Cam Talbot with a rebound.
14:54 of 1st period - Snap shot by Adam Lowry.
14:54 of 1st period - Stopped by Cam Talbot without a rebound.
14:55 of 1st period - Connor McDavid wins face-off versus Wyatt Johnston in Toronto Maple Leafs zone.
14:56 of 1st period - Snap shot by Alexis Lafreniere.
14:56 of 1st period - Stopped by Cam Talbot without a rebound.
14:57 of 1st period - Wyatt Johnston wins face-off versus Connor McDavid in Toronto Maple Leafs zone.
14:57 of 1st period - Wyatt Johnston is hit by Michael Kesselring.
16:50 of 1st period - Dylan Samberg is hit by Quinton Byfield and loses puck.
17:05 of 1st period - Slapshot by Wyatt Johnston.
17:05 of 1st period - Shot Misses the Net.
17:07 of 1st period - Slapshot by Mario Ferraro.
17:07 of 1st period - Stopped by Ukko-Pekka Luukkonen without a rebound.
17:08 of 1st period - Nick Bjugstad wins face-off versus Connor Bedard in Winnipeg Jets zone.
17:33 of 1st period - Ryan Pulock is hit by Ridly Greig and loses puck.
18:03 of 1st period - Dylan Samberg is hit by Scott Laughton and loses puck.
18:26 of 1st period - Snap shot by Andrew Mangiapane.
18:26 of 1st period - Shot Misses the Net.
18:28 of 1st period - Wrist shot by Nino Niederreiter.
18:28 of 1st period - Shot Misses the Net.
18:30 of 1st period - Snap shot by Nick Bjugstad.
18:30 of 1st period - Stopped by Ukko-Pekka Luukkonen without a rebound.
18:31 of 1st period - Connor Bedard wins face-off versus Wyatt Johnston in Winnipeg Jets zone.
18:52 of 1st period - Minor Penalty to Dougie Hamilton for Holding.
18:53 of 1st period - Connor McDavid wins face-off versus Nick Bjugstad in Toronto Maple Leafs zone.
19:15 of 1st period - Off-side.
19:16 of 1st period - Scott Laughton wins face-off versus Connor Bedard in neutral zone.
19:21 of 1st period - Backhand shot by Nicolas Roy.
19:21 of 1st period - Stopped by Ukko-Pekka Luukkonen with a rebound.
Goals for this period are 0 for Winnipeg Jets vs 1 for Toronto Maple Leafs.
Shots for this period are 6 for Winnipeg Jets vs 7 for Toronto Maple Leafs.
2nd period
0:01 of 2nd period - Scott Laughton wins face-off versus Connor Bedard in neutral zone.
0:52 of 2nd period - Penalty to Dougie Hamilton is over, Dougie Hamilton is back on ice.
0:58 of 2nd period - Slapshot by Ridly Greig.
0:58 of 2nd period - Shot Blocked by Ryan Pulock.
1:16 of 2nd period - Backhand shot by Andrew Mangiapane.
1:16 of 2nd period - Stopped by Ukko-Pekka Luukkonen without a rebound.
1:17 of 2nd period - Connor Bedard wins face-off versus Tomas Hertl in Winnipeg Jets zone.
1:22 of 2nd period - Sean Walker is hit by Barclay Goodrow and loses puck.
1:33 of 2nd period - Snap shot by Dougie Hamilton.
1:33 of 2nd period - Stopped by Ukko-Pekka Luukkonen with a rebound.
1:47 of 2nd period - Wrist shot by Connor Bedard.
1:47 of 2nd period - Shot Misses the Net.
2:29 of 2nd period - Sean Walker is hit by Michael Amadio and loses puck.
2:40 of 2nd period - Snap shot by Ridly Greig.
2:40 of 2nd period - Stopped by Cam Talbot without a rebound.
2:41 of 2nd period - Wyatt Johnston wins face-off versus Connor Bedard in Toronto Maple Leafs zone.
2:41 of 2nd period - Wyatt Johnston is hit by Connor Bedard.
2:50 of 2nd period - Minor Penalty to Dougie Hamilton for Interference.
2:51 of 2nd period - Nick Bjugstad wins face-off versus Connor Bedard in Toronto Maple Leafs zone.
3:16 of 2nd period - Wrist shot by Alexis Lafreniere.
3:16 of 2nd period - Shot Misses the Net.
4:07 of 2nd period - Icing by Andre Burakovsky.
4:08 of 2nd period - Connor Bedard wins face-off versus Nick Bjugstad in Winnipeg Jets zone.
4:50 of 2nd period - Penalty to Dougie Hamilton is over, Dougie Hamilton is back on ice.
5:18 of 2nd period - Sean Walker is hit by Joel Armia and loses puck.
6:00 of 2nd period - Snap shot by Nino Niederreiter.
6:00 of 2nd period - Stopped by Ukko-Pekka Luukkonen with a rebound.
6:02 of 2nd period - Snap shot by Andrew Mangiapane.
6:02 of 2nd period - Shot Blocked by Dylan Samberg.
6:19 of 2nd period - Wrist shot by Brady Tkachuk.
6:19 of 2nd period - Shot Misses the Net.
6:33 of 2nd period - Michael Kesselring is hit by Quinton Byfield and loses puck.
6:38 of 2nd period - Snap shot by Wyatt Johnston.
6:38 of 2nd period - Stopped by Ukko-Pekka Luukkonen with a rebound.
6:40 of 2nd period - Snap shot by Quinton Byfield.
6:40 of 2nd period - Stopped by Ukko-Pekka Luukkonen without a rebound.
6:41 of 2nd period - Nick Bjugstad wins face-off versus Connor Bedard in Winnipeg Jets zone.
7:14 of 2nd period - Snap shot by Andre Burakovsky.
7:14 of 2nd period - Stopped by Cam Talbot with a rebound.
7:16 of 2nd period - Slapshot by Oliver Ekman-Larsson.
7:16 of 2nd period - Stopped by Cam Talbot with a rebound.
7:32 of 2nd period - Snap shot by Alexis Lafreniere.
7:32 of 2nd period - Stopped by Cam Talbot with a rebound.
7:34 of 2nd period - Wrist shot by Connor McDavid.
7:34 of 2nd period - Stopped by Cam Talbot with a rebound.
7:36 of 2nd period - Wrist shot by Olen Zellweger.
7:36 of 2nd period - Shot Blocked by Mario Ferraro.
7:46 of 2nd period - Brady Tkachuk is hit by Barclay Goodrow and loses puck.
7:51 of 2nd period - Snap shot by Connor Bedard.
7:51 of 2nd period - Shot Misses the Net.
8:08 of 2nd period - Off-side.
8:09 of 2nd period - Joel Armia wins face-off versus Nick Bjugstad in neutral zone.
8:16 of 2nd period - Icing by Nino Niederreiter.
8:17 of 2nd period - Nick Bjugstad wins face-off versus Connor McDavid in Toronto Maple Leafs zone.
8:27 of 2nd period - Minor Penalty to Nick Bjugstad for Tripping.
8:28 of 2nd period - Connor Bedard wins face-off versus Wyatt Johnston in Toronto Maple Leafs zone.
8:41 of 2nd period - Aaron Ekblad is hit by Connor Bedard and loses puck.
8:50 of 2nd period - Minor Penalty to Aaron Ekblad for Interference.
8:51 of 2nd period - Connor McDavid wins face-off versus Andrew Mangiapane in Toronto Maple Leafs zone.
9:02 of 2nd period - Snap shot by Alexis Lafreniere.
9:02 of 2nd period - Stopped by Cam Talbot without a rebound.
9:03 of 2nd period - Connor Bedard wins face-off versus Scott Laughton in Toronto Maple Leafs zone.
9:28 of 2nd period - Connor McDavid is hit by Scott Laughton.
9:34 of 2nd period - Snap shot by Alexis Lafreniere.
9:34 of 2nd period - Shot Misses the Net.
9:36 of 2nd period - Snap shot by Alexis Lafreniere.
9:36 of 2nd period - Shot Misses the Net.
9:38 of 2nd period - Snap shot by Barclay Goodrow.
9:38 of 2nd period - Shot Blocked by Ryan Pulock.
10:27 of 2nd period - Penalty to Nick Bjugstad is over, Nick Bjugstad is back on ice.
10:50 of 2nd period - Penalty to Aaron Ekblad is over, Aaron Ekblad is back on ice.
11:05 of 2nd period - Slapshot by Cam Atkinson.
11:05 of 2nd period - Shot Misses the Net.
11:07 of 2nd period - Snap shot by Ridly Greig.
11:07 of 2nd period - Stopped by Cam Talbot without a rebound.
11:08 of 2nd period - Wyatt Johnston wins face-off versus Adam Lowry in Toronto Maple Leafs zone.
11:08 of 2nd period - Wyatt Johnston is hit by Dylan Samberg.
11:33 of 2nd period - Icing by Michael Kesselring.
11:34 of 2nd period - Ridly Greig wins face-off versus Nick Bjugstad in Winnipeg Jets zone.
12:14 of 2nd period - Snap shot by Nicolas Roy.
12:14 of 2nd period - Stopped by Ukko-Pekka Luukkonen with a rebound.
12:26 of 2nd period - Wrist shot by Sam Bennett.
12:26 of 2nd period - Deflect By Brandon Saad.
12:26 of 2nd period - Shot Misses the Net.
12:26 of 2nd period - Puck is out of play.
12:27 of 2nd period - Connor Bedard wins face-off versus Scott Laughton in Winnipeg Jets zone.
12:42 of 2nd period - Wrist shot by Sam Bennett.
12:42 of 2nd period - Shot Hit the Post.
12:52 of 2nd period - Nicolas Roy is hit by Connor McDavid and loses puck.
13:29 of 2nd period - Icing by Ryan Pulock.
13:30 of 2nd period - Connor Bedard wins face-off versus Nino Niederreiter in Toronto Maple Leafs zone.
13:31 of 2nd period - Wrist shot by Barclay Goodrow.
13:31 of 2nd period - Stopped by Cam Talbot with a rebound.
13:55 of 2nd period - Andrew Mangiapane is hit by Connor McDavid and loses puck.
14:02 of 2nd period - Wrist shot by Aaron Ekblad.
14:02 of 2nd period - Shot Misses the Net.
14:45 of 2nd period - Slapshot by Brady Tkachuk.
14:45 of 2nd period - Shot Blocked by Oliver Ekman-Larsson.
14:48 of 2nd period - Icing by Oliver Ekman-Larsson.
14:49 of 2nd period - Ridly Greig wins face-off versus Wyatt Johnston in Winnipeg Jets zone.
14:59 of 2nd period - Off-side.
15:00 of 2nd period - Nicolas Roy wins face-off versus Connor Bedard in neutral zone.
15:34 of 2nd period - Minor Penalty to Brady Tkachuk for Slashing.
15:35 of 2nd period - Connor Bedard wins face-off versus Scott Laughton in Toronto Maple Leafs zone.
16:00 of 2nd period - Alexis Lafreniere is hit by Nick Bjugstad and loses puck.
17:34 of 2nd period - Penalty to Brady Tkachuk is over, Brady Tkachuk is back on ice.
17:38 of 2nd period - Brady Tkachuk is hit by Connor Bedard.
17:48 of 2nd period - Ryan Pulock is hit by Michael Amadio and loses puck.
17:54 of 2nd period - Icing by Ryan Pulock.
17:55 of 2nd period - Scott Laughton wins face-off versus Connor McDavid in Toronto Maple Leafs zone.
17:55 of 2nd period - Scott Laughton is hit by Michael Kesselring.
18:05 of 2nd period - Snap shot by Scott Laughton.
18:05 of 2nd period - Shot Misses the Net.
18:19 of 2nd period - Wrist shot by Brady Tkachuk.
18:19 of 2nd period - Stopped by Ukko-Pekka Luukkonen with a rebound.
18:21 of 2nd period - Slapshot by Brady Tkachuk.
18:21 of 2nd period - Shot Blocked by Michael Kesselring.
18:45 of 2nd period - Snap shot by Dylan Samberg.
18:45 of 2nd period - Deflect By Adam Lowry.
18:45 of 2nd period - Stopped by Cam Talbot without a rebound.
18:46 of 2nd period - Adam Lowry wins face-off versus Wyatt Johnston in Toronto Maple Leafs zone.
18:53 of 2nd period - Slapshot by Andre Burakovsky.
18:53 of 2nd period - Shot Blocked by Brandon Saad.
Goals for this period are 0 for Winnipeg Jets vs 0 for Toronto Maple Leafs.
Shots for this period are 9 for Winnipeg Jets vs 7 for Toronto Maple Leafs.
3rd period
0:01 of 3rd period - Tomas Hertl wins face-off versus Connor Bedard in neutral zone.
0:15 of 3rd period - Wrist shot by Mason Appleton.
0:15 of 3rd period - Shot Misses the Net.
0:25 of 3rd period - Troy Terry is hit by Connor McDavid and loses puck.
0:58 of 3rd period - Snap shot by Tomas Hertl.
0:58 of 3rd period - Stopped by Ukko-Pekka Luukkonen with a rebound.
1:00 of 3rd period - Slapshot by Aaron Ekblad.
1:00 of 3rd period - Stopped by Ukko-Pekka Luukkonen without a rebound.
1:01 of 3rd period - Nick Bjugstad wins face-off versus Connor Bedard in Winnipeg Jets zone.
1:02 of 3rd period - Slapshot by Nino Niederreiter.
1:02 of 3rd period - Stopped by Ukko-Pekka Luukkonen with a rebound.
1:04 of 3rd period - Snap shot by Nick Bjugstad.
1:04 of 3rd period - Shot Blocked by Olli Maatta.
1:06 of 3rd period - Slapshot by Dougie Hamilton.
1:06 of 3rd period - Stopped by Ukko-Pekka Luukkonen with a rebound.
1:08 of 3rd period - Slapshot by Andrew Mangiapane.
1:08 of 3rd period - Shot Misses the Net.
1:10 of 3rd period - Slapshot by Nick Bjugstad.
1:10 of 3rd period - Stopped by Ukko-Pekka Luukkonen with a rebound.
1:17 of 3rd period - Off-side.
1:18 of 3rd period - Adam Lowry wins face-off versus Wyatt Johnston in neutral zone.
1:23 of 3rd period - Wrist shot by Andre Burakovsky.
1:23 of 3rd period - Deflect By Adam Lowry.
1:23 of 3rd period - Shot Misses the Net.
1:23 of 3rd period - Puck is out of play.
1:24 of 3rd period - Wyatt Johnston wins face-off versus Adam Lowry in Toronto Maple Leafs zone.
1:59 of 3rd period - Snap shot by Mason Appleton.
1:59 of 3rd period - Stopped by Cam Talbot with a rebound.
2:31 of 3rd period - Backhand shot by Andre Burakovsky.
2:31 of 3rd period - Stopped by Cam Talbot without a rebound.
2:32 of 3rd period - Adam Lowry wins face-off versus Nick Bjugstad in Toronto Maple Leafs zone.
3:04 of 3rd period - Snap shot by Nicolas Roy.
3:04 of 3rd period - Shot Misses the Net.
3:06 of 3rd period - Slapshot by Ryan Pulock.
3:06 of 3rd period - Stopped by Ukko-Pekka Luukkonen without a rebound.
3:07 of 3rd period - Tomas Hertl wins face-off versus Adam Lowry in Winnipeg Jets zone.
3:13 of 3rd period - Minor Penalty to Oliver Ekman-Larsson for Holding.
3:14 of 3rd period - Barclay Goodrow wins face-off versus Wyatt Johnston in Winnipeg Jets zone.
3:48 of 3rd period - Wrist shot by Troy Terry.
3:48 of 3rd period - Stopped by Ukko-Pekka Luukkonen with a rebound.
3:50 of 3rd period - Wrist shot by Tomas Hertl.
3:50 of 3rd period - Stopped by Ukko-Pekka Luukkonen without a rebound.
3:51 of 3rd period - Tomas Hertl wins face-off versus Adam Lowry in Winnipeg Jets zone.
3:54 of 3rd period - Slapshot by Troy Terry.
3:54 of 3rd period - Shot Misses the Net.
5:13 of 3rd period - Penalty to Oliver Ekman-Larsson is over, Oliver Ekman-Larsson is back on ice.
5:41 of 3rd period - Slapshot by Brandon Saad.
5:41 of 3rd period - Deflect By Michael Amadio.
5:41 of 3rd period - Stopped by Ukko-Pekka Luukkonen without a rebound.
5:42 of 3rd period - Adam Lowry wins face-off versus Scott Laughton in Winnipeg Jets zone.
5:46 of 3rd period - Off-side.
5:47 of 3rd period - Wyatt Johnston wins face-off versus Adam Lowry in neutral zone.
6:35 of 3rd period - Wrist shot by Brady Tkachuk.
6:35 of 3rd period - Stopped by Ukko-Pekka Luukkonen without a rebound.
6:36 of 3rd period - Tomas Hertl wins face-off versus Alexis Lafreniere in Winnipeg Jets zone.
6:39 of 3rd period - Wrist shot by Tomas Hertl.
6:39 of 3rd period - Stopped by Ukko-Pekka Luukkonen with a rebound.
6:41 of 3rd period - Slapshot by Ryan Pulock.
6:41 of 3rd period - Stopped by Ukko-Pekka Luukkonen with a rebound.
6:43 of 3rd period - Snap shot by Brady Tkachuk.
6:43 of 3rd period - Stopped by Ukko-Pekka Luukkonen without a rebound.
6:44 of 3rd period - Wyatt Johnston wins face-off versus Connor Bedard in Winnipeg Jets zone.
6:53 of 3rd period - Snap shot by Wyatt Johnston.
6:53 of 3rd period - Shot Misses the Net.
6:55 of 3rd period - Wrist shot by Wyatt Johnston.
6:55 of 3rd period - Stopped by Ukko-Pekka Luukkonen with a rebound.
6:57 of 3rd period - Snap shot by Quinton Byfield.
6:57 of 3rd period - Shot Blocked by Barclay Goodrow.
6:59 of 3rd period - Snap shot by Wyatt Johnston.
6:59 of 3rd period - Stopped by Ukko-Pekka Luukkonen with a rebound.
7:11 of 3rd period - Wrist shot by Andrew Mangiapane.
7:11 of 3rd period - Shot Blocked by Olli Maatta.
7:34 of 3rd period - Snap shot by Ridly Greig.
7:34 of 3rd period - Stopped by Cam Talbot without a rebound.
7:35 of 3rd period - Connor Bedard wins face-off versus Wyatt Johnston in Toronto Maple Leafs zone.
7:39 of 3rd period - Minor Penalty to Nicolas Roy for Tripping.
7:40 of 3rd period - Scott Laughton wins face-off versus Connor McDavid in Toronto Maple Leafs zone.
7:40 of 3rd period - Scott Laughton is hit by Connor McDavid.
8:55 of 3rd period - Andre Burakovsky is hit by Brady Tkachuk and loses puck.
9:30 of 3rd period - Connor McDavid is hit by Aaron Ekblad and loses puck.
9:39 of 3rd period - Penalty to Nicolas Roy is over, Nicolas Roy is back on ice.
9:45 of 3rd period - Snap shot by Quinton Byfield.
9:45 of 3rd period - Stopped by Ukko-Pekka Luukkonen without a rebound.
9:46 of 3rd period - Ridly Greig wins face-off versus Wyatt Johnston in Winnipeg Jets zone.
10:06 of 3rd period - Tomas Hertl is hit by Olen Zellweger and loses puck.
10:34 of 3rd period - Sam Bennett is hit by Alexis Lafreniere and loses puck.
11:10 of 3rd period - Snap shot by Troy Terry.
11:10 of 3rd period - Shot Blocked by Ridly Greig.
11:16 of 3rd period - Cody Ceci is hit by Cam Atkinson and loses puck.
11:38 of 3rd period - Slapshot by Nino Niederreiter.
11:38 of 3rd period - Shot Misses the Net.
12:28 of 3rd period - Cody Ceci is hit by Dylan Samberg and loses puck.
12:43 of 3rd period - Nick Bjugstad is hit by Joel Armia and loses puck.
12:54 of 3rd period - Joel Armia is hit by Sean Walker and loses puck.
13:09 of 3rd period - Michael Kesselring is hit by Nicolas Roy.
13:13 of 3rd period - Quinton Byfield is hit by Andre Burakovsky and loses puck.
13:35 of 3rd period - Cody Ceci is hit by Connor Bedard.
13:49 of 3rd period - Scott Laughton is hit by Ridly Greig and loses puck.
13:54 of 3rd period - Snap shot by Michael Amadio.
13:54 of 3rd period - Deflect By Cam Atkinson.
13:54 of 3rd period - Stopped by Cam Talbot with a rebound.
13:56 of 3rd period - Slapshot by Michael Kesselring.
13:56 of 3rd period - Shot Blocked by Brandon Saad.
13:58 of 3rd period - Slapshot by Ridly Greig.
13:58 of 3rd period - Shot Blocked by Cody Ceci.
14:16 of 3rd period - Snap shot by Andre Burakovsky.
14:16 of 3rd period - Stopped by Cam Talbot without a rebound.
14:17 of 3rd period - Nick Bjugstad wins face-off versus Adam Lowry in Toronto Maple Leafs zone.
14:42 of 3rd period - Olli Maatta is hit by Quinton Byfield and loses puck.
14:53 of 3rd period - Snap shot by Quinton Byfield.
14:53 of 3rd period - Shot Misses the Net.
14:55 of 3rd period - Snap shot by Wyatt Johnston.
14:55 of 3rd period - Goal by Wyatt Johnston - Winnipeg Jets : 0 - Toronto Maple Leafs : 2.
14:56 of 3rd period - Tomas Hertl wins face-off versus Connor Bedard in neutral zone.
15:43 of 3rd period - Joel Armia is hit by Brandon Saad and loses puck.
15:50 of 3rd period - Aaron Ekblad is hit by Joel Armia and loses puck.
16:38 of 3rd period - Slapshot by Connor Bedard.
16:38 of 3rd period - Shot Misses the Net.
16:40 of 3rd period - Snap shot by Barclay Goodrow.
16:40 of 3rd period - Deflect By Mason Appleton.
16:40 of 3rd period - Goal by Mason Appleton - Winnipeg Jets : 1 - Toronto Maple Leafs : 2.
16:41 of 3rd period - Nick Bjugstad wins face-off versus Adam Lowry in neutral zone.
16:45 of 3rd period - Off-side.
16:46 of 3rd period - Andrew Mangiapane wins face-off versus Adam Lowry in neutral zone.
17:56 of 3rd period - Backhand shot by Ridly Greig.
17:56 of 3rd period - Deflect By Michael Amadio.
17:56 of 3rd period - Shot Misses the Net.
17:56 of 3rd period - Puck is out of play.
17:57 of 3rd period - Ridly Greig wins face-off versus Nick Bjugstad in Toronto Maple Leafs zone.
17:58 of 3rd period - Slapshot by Cam Atkinson.
17:58 of 3rd period - Stopped by Cam Talbot with a rebound.
18:12 of 3rd period - Snap shot by Ridly Greig.
18:12 of 3rd period - Stopped by Cam Talbot without a rebound.
18:13 of 3rd period - Adam Lowry wins face-off versus Brady Tkachuk in Toronto Maple Leafs zone.
18:24 of 3rd period - Wrist shot by Adam Lowry.
18:24 of 3rd period - Shot Misses the Net.
18:26 of 3rd period - Snap shot by Sam Steel.
18:26 of 3rd period - Stopped by Cam Talbot with a rebound.
18:28 of 3rd period - Slapshot by Adam Lowry.
18:28 of 3rd period - Shot Misses the Net.
18:45 of 3rd period - Slapshot by Ryan Pulock.
18:45 of 3rd period - Shot Blocked by Alexis Lafreniere.
18:47 of 3rd period - Snap shot by Nick Bjugstad.
18:47 of 3rd period - Stopped by Ukko-Pekka Luukkonen without a rebound.
18:48 of 3rd period - Barry Trotz call a timeout for Winnipeg Jets.
18:48 of 3rd period - Tomas Hertl wins face-off versus Connor McDavid in Winnipeg Jets zone.
18:52 of 3rd period - Icing by Oliver Ekman-Larsson.
18:53 of 3rd period - Connor McDavid wins face-off versus Tomas Hertl in Winnipeg Jets zone.
18:58 of 3rd period - Winnipeg Jets, Ukko-Pekka Luukkonen is pulled from the net.
19:00 of 3rd period - Snap shot by Connor McDavid.
19:00 of 3rd period - Shot Blocked by Aaron Ekblad.
19:02 of 3rd period - Slapshot by Alexis Lafreniere.
19:02 of 3rd period - Deflect By Connor McDavid.
19:02 of 3rd period - Shot Misses the Net.
19:02 of 3rd period - Puck is out of play.
19:03 of 3rd period - Connor McDavid wins face-off versus Tomas Hertl in Toronto Maple Leafs zone.
19:04 of 3rd period - Wrist shot by Connor Bedard.
19:04 of 3rd period - Stopped by Cam Talbot without a rebound.
19:05 of 3rd period - Connor McDavid wins face-off versus Tomas Hertl in Toronto Maple Leafs zone.
19:14 of 3rd period - Snap shot by Alexis Lafreniere.
19:14 of 3rd period - Shot Hit the Post.
19:18 of 3rd period - Slapshot by Olen Zellweger.
19:18 of 3rd period - Stopped by Cam Talbot with a rebound.
19:20 of 3rd period - Slapshot by Connor Bedard.
19:20 of 3rd period - Shot Misses the Net.
Goals for this period are 1 for Winnipeg Jets vs 1 for Toronto Maple Leafs.
Shots for this period are 11 for Winnipeg Jets vs 18 for Toronto Maple Leafs.
Back to the Top